 Dungeon Crawl Stone Soup version 0.21.1-1-g345015f (webtiles) character file.

595 xccam the Martial Artist (level 7, -1/60 HPs)
             Began as a Gnoll Wanderer on Mar 16, 2018.
             Slain by an ogre
             ... wielding a +0 giant club
              (22 damage)
             ... on level 4 of the Dungeon.
             The game lasted 00:11:36 (4394 turns).

xccam the Martial Artist (Gnoll Wanderer)           Turns: 4394, Time: 00:11:37

Health: -1/60      AC:  7    Str: 15    XL:     7   Next: 40%
Magic:  10/10      EV: 12    Int: 14    God:
Gold:   100        SH:  0    Dex: 16    Spells: 10/10 levels left

rFire    . . .     SeeInvis .   B - +0 flail (holy)
rCold    . . .     Gourm    .   (no shield)
rNeg     . . .     Faith    .   s - +0 ring mail
rPois    .         Spirit   .   (no helmet)
rElec    .         Reflect  .   (no cloak)
rCorr    .         Harm     .   g - +1 pair of gloves
MR       .....                  (no boots)
Stlth    ++........             (no amulet)
HPRegen  0.20/turn              (no ring)
MPRegen  0.12/turn              (no ring)

@: no status effects
A: distributed training, fangs 1, strong nose
a: no special abilities


You were on level 4 of the Dungeon.
You were not hungry.

You visited 1 branch of the dungeon, and saw 4 of its levels.
You also visited: Sewer and Ossuary.

You collected 100 gold pieces.

Inventory:

Hand Weapons
 c - a +0 spear
 q - a +1 hunting sling of flaming
 B - a +0 flail of holy wrath (weapon)
Missiles
 v - 72 stones (quivered)
Armour
 e - a +0 robe
 g - a +1 pair of gloves (worn)
 s - a +0 ring mail (worn)
 D - a +0 plate armour
Jewellery
 A - an uncursed ring of flight {unknown}
Scrolls
 b - 4 scrolls of blinking
 i - 2 scrolls of teleportation {unknown}
 k - 3 scrolls of enchant weapon {unknown}
 o - 3 scrolls of fog
 p - 2 scrolls of magic mapping
 w - a scroll of immolation {unknown}
 x - 2 scrolls of remove curse
 y - a scroll of fear {unknown}
 C - 2 scrolls of identify
 F - a scroll of amnesia {unknown}
Potions
 a - a potion of berserk rage
 d - 3 potions of lignification
 h - 3 potions of heal wounds
 j - a potion of might
 l - 2 potions of brilliance {unknown}
 m - 2 potions of resistance {unknown}
 n - a potion of agility {unknown}
 r - a potion of cancellation {unknown}
 t - a potion of ambrosia {unknown}
 u - a potion of flight {unknown}
 z - 2 potions of magic {unknown}
 E - 3 potions of mutation {unknown}
 G - a potion of invisibility {unknown}
 H - a potion of curing {unknown}
Comestibles
 f - 10 rations


   Skills:
 + Level 7.0 Fighting
 + Level 2.4 Short Blades
 + Level 2.4 Long Blades
 + Level 2.4 Axes
 + Level 3.5 Maces & Flails
 + Level 2.4 Polearms
 + Level 2.4 Staves
 + Level 2.4 Slings
 + Level 2.4 Bows
 + Level 2.4 Crossbows
 + Level 2.4 Throwing
 + Level 2.4 Armour
 + Level 2.4 Dodging
 + Level 3.4 Stealth
 + Level 2.4 Shields
 + Level 8.9 Unarmed Combat
 + Level 2.4 Spellcasting
 + Level 2.0 Conjurations
 + Level 2.0 Hexes
 + Level 2.0 Charms
 + Level 2.0 Summonings
 + Level 2.0 Necromancy
 + Level 2.0 Translocations
 + Level 2.0 Transmutations
 + Level 2.0 Fire Magic
 + Level 2.0 Ice Magic
 + Level 2.0 Air Magic
 + Level 2.0 Earth Magic
 + Level 2.0 Poison Magic
 + Level 2.6 Invocations
 + Level 3.5 Evocations


You had 10 spell levels left.
You didn't know any spells.

Dungeon Overview and Level Annotations

Branches:
Dungeon (4/15)
 Temple: D:4-7

Altars:
Okawaru
Trog
Yredelemnul


Innate Abilities, Weirdness & Mutations

Your experience applies equally to all skills.
You have very sharp teeth.
Your uncanny sense of smell can sniff out nearby items.


Message History

An ogre comes into view. It is wielding a giant club.
The ogre shouts!
You completely miss the ogre. You bite the ogre, but do no damage.
The ogre hits you with a giant club!!
You completely miss the ogre. The ogre hits you with a giant club!!
You are too injured to fight recklessly!
You are too injured to fight recklessly!
You sock the ogre!
The ogre is heavily wounded.
The ogre closely misses you.
You hit the ogre. You bite the ogre, but do no damage.
The ogre is heavily wounded.
The ogre barely misses you.
You hit the ogre.
The ogre is heavily wounded.
The ogre barely misses you.
You thump the ogre! You bite the ogre, but do no damage.
The ogre is almost dead.
The ogre hits you with a giant club!!
You die...

**,,,### ##'## #.# *,,,+.# #.#
#.# #####.# #.####### #.#
#.....#########.......# *,*
#............#...####.# *,*
#..#....####.......#*,******,*
##.##....# ###...#....,,,,,,,*
#.###...# ##O#####.#*******
#.#.##..## #@......#
#.#..##..# #.#######
#.'.^.##.# #.# #.#.^##..# #.#
##.#.##..######.#########
#..###.......##.........#
#..##..#####.##.#######.#
#..#..#### #.##.........#
#........###.##.#######.###


You could see an ogre.

Vanquished Creatures
  A wraith (Ossuary)
  The ghost of inc the Magician, an amateur OpCj (D:3)
  A wyvern zombie (D:3)
  An iguana (D:4)
  2 mummies
  3 gnolls (D:3)
  3 adders
  7 river rats
  An ooze (D:2)
  2 worms
  2 dart slugs (D:1)
  A leopard gecko (D:4)
  10 orcs (D:3)
  A giant cockroach (D:3)
  2 gnoll zombies (D:2)
  4 hobgoblins
  2 jackals (D:1)
  9 kobolds
  6 ball pythons
  5 bats
  9 frilled lizards
  9 gnoll skeletons (Ossuary)
  5 goblins
  4 kobold skeletons (Ossuary)
  12 orc skeletons (Ossuary)
  12 rats
115 creatures vanquished.

Notes
Turn   | Place    | Note
-------+----------+-------------------------------------------
     0 | D:1      | xccam the Gnoll Wanderer began the quest for the Orb.
     0 | D:1      | xccam set off with: a potion of berserk rage, a scroll of blinking, a +0 spear, a potion of lignification, a +0 robe, a ration
     0 | D:1      | Reached XP level 1. HP: 23/23 MP: 2/2
   185 | D:1      | Reached XP level 2. HP: 25/29 MP: 3/3
   754 | D:2      | Reached XP level 3. HP: 35/35 MP: 4/4
   761 | D:2      | Found a basalt altar of Yredelemnul.
   847 | D:2      | Found an iron altar of Okawaru.
  1099 | D:2      | Reached skill level 1 in Invocations
  1389 | D:3      | Found a bloodstained altar of Trog.
  1442 | D:3      | Found a glowing drain.
  1455 | D:3      | Reached skill level 1 in Short Blades
  1455 | D:3      | Reached skill level 1 in Long Blades
  1455 | D:3      | Reached skill level 1 in Axes
  1455 | D:3      | Reached skill level 1 in Polearms
  1455 | D:3      | Reached skill level 1 in Staves
  1455 | D:3      | Reached skill level 1 in Slings
  1455 | D:3      | Reached skill level 1 in Bows
  1455 | D:3      | Reached skill level 1 in Crossbows
  1455 | D:3      | Reached skill level 1 in Throwing
  1455 | D:3      | Reached skill level 1 in Armour
  1455 | D:3      | Reached skill level 1 in Dodging
  1455 | D:3      | Reached skill level 1 in Shields
  1455 | D:3      | Reached skill level 1 in Spellcasting
  1455 | D:3      | Reached XP level 4. HP: 36/41 MP: 4/6
  1639 | Sewer    | Entered a sewer
  1718 | Sewer    | Reached skill level 1 in Conjurations
  1718 | Sewer    | Reached skill level 1 in Hexes
  1718 | Sewer    | Reached skill level 1 in Charms
  1718 | Sewer    | Reached skill level 1 in Summonings
  1718 | Sewer    | Reached skill level 1 in Necromancy
  1718 | Sewer    | Reached skill level 1 in Translocations
  1718 | Sewer    | Reached skill level 1 in Transmutations
  1718 | Sewer    | Reached skill level 1 in Fire Magic
  1718 | Sewer    | Reached skill level 1 in Ice Magic
  1718 | Sewer    | Reached skill level 1 in Air Magic
  1718 | Sewer    | Reached skill level 1 in Earth Magic
  1718 | Sewer    | Reached skill level 1 in Poison Magic
  1747 | Sewer    | Reached XP level 5. HP: 7/47 MP: 7/7
  2918 | D:3      | Noticed inc's ghost (amateur OpCj)
  2928 | D:3      | Killed inc's ghost
  2928 | D:3      | Reached XP level 6. HP: 44/53 MP: 8/8
  3807 | D:4      | Found a sand-covered staircase.
  3847 | Ossuary  | Entered an ossuary
  3847 | Ossuary  | Noticed a wraith
  3847 | Ossuary  | Noticed a wraith
  3847 | Ossuary  | Noticed a wraith
  4041 | Ossuary  | Reached XP level 7. HP: 50/59 MP: 10/10
  4084 | Ossuary  | Noticed a wraith
  4115 | Ossuary  | Killed a wraith
  4394 | D:4      | Slain by an ogre

Skill      XL: |  1  2  3  4  5  6  7 |
---------------+----------------------+-----
Invocations    | 1 2 |  2.6
Short Blades   | 1 2 |  2.4
Long Blades    | 1 2 |  2.4
Axes           | 1 2 |  2.4
Polearms       | 1 2 |  2.4
Staves         | 1 2 |  2.4
Slings         | 1 2 |  2.4
Bows           | 1 2 |  2.4
Crossbows      | 1 2 |  2.4
Throwing       | 1 2 |  2.4
Armour         | 1 2 |  2.4
Dodging        | 1 2 |  2.4
Shields        | 1 2 |  2.4
Spellcasting   | 1 2 |  2.4
Conjurations   | 1 2 |  2.0
Hexes          | 1 2 |  2.0
Charms         | 1 2 |  2.0
Summonings     | 1 2 |  2.0
Necromancy     | 1 2 |  2.0
Translocations | 1 2 |  2.0
Transmutations | 1 2 |  2.0
Fire Magic     | 1 2 |  2.0
Ice Magic      | 1 2 |  2.0
Air Magic      | 1 2 |  2.0
Earth Magic    | 1 2 |  2.0
Poison Magic   | 1 2 |  2.0
Maces & Flails | 3 |  3.5
Evocations     | 3 |  3.5
Stealth        | 3 |  3.4
Fighting       | 7 |  7.0
Unarmed Combat | |  8.9

Action                   |  1- 3 |  4- 6 |  7- 9 || total
-------------------------+-------+-------+-------++-------
Melee: Unarmed           |    86 |   152 |       ||   238
       Bite              |    15 |    14 |    11 ||    40
       Punch             |       |     5 |       ||     5
       Flail             |       |    41 |    61 ||   102
 Fire: Hunting sling     |    10 |       |       ||    10
Throw: Stone             |       |     9 |       ||     9
  Use: Scroll            |     1 |     5 |       ||     6
       Potion            |       |     3 |     2 ||     5
 Stab: Sleeping          |     4 |     9 |     1 ||    14
  Eat: Chunk             |     1 |     7 |       ||     8
       Ration            |       |     1 |       ||     1
Armor: Robe              |    19 |    22 |       ||    41
       Ring mail         |       |    13 |    11 ||    24
Dodge: Dodged            |    56 |   106 |    45 ||   207
